 Dungeon Crawl Stone Soup version 0.31-a0-700-gf13585253f (webtiles) character file.

Game seed: 14706300035273481077

185 qw the Shooter (level 5, -19/32 HPs)
             Began as a Gargoyle Hunter on Sept 7, 2023.
             Killed from afar by Dowan (23 damage)
             ... with a shard of ice
             ... on level 4 of the Dungeon.
             The game lasted 00:00:48 (2581 turns).

qw the Shooter (Gargoyle Hunter)                    Turns: 2581, Time: 00:00:48

Health: -19/32     AC: 13    Str: 15    XL:     5   Next: 64%
Magic:  5/5        EV: 11    Int:  9    God:
Gold:   40         SH:  0    Dex: 15    Spells: 4/4 levels left

rFire   . . .        Y - +0 shortbow
rCold   . . .        (shield currently unavailable)
rNeg    + . .        k - +0 ring mail
rPois   inf          (no helmet)
rElec   +            (no cloak)
rCorr   +            (no gloves)
SInv    .            (no boots)
Will    .....        (no amulet)
Stlth   +            d - ring of resist corrosion
HPRegen 0.25/turn    h - +4 ring of protection
MPRegen 0.09/turn

%: no passive effects
@: no status effects
A: sickness immunity, AC +4, negative energy resistance 1, electricity
resistance, torment resistance 1, petrification resistance
a: no special abilities


You were on level 4 of the Dungeon.
You visited 1 branch of the dungeon, and saw 4 of its levels.

You collected 144 gold pieces.
You spent 104 gold pieces at shops.


Innate Abilities, Weirdness & Mutations

You are immune to sickness and miasma.
Your stone body is resilient. (AC +4)
You are immune to poison.
You resist negative energy. (rN+)
You are resistant to electric shocks. (rElec)
You are resistant to unholy torment.
You are immune to petrification.


   Skills:
 - Level 3.0 Fighting
 + Level 5.4 Ranged Weapons
 - Level 3.4 Armour
 - Level 1.5 Dodging
 - Level 1.1 Stealth


You had 4 spell levels left.
You didn't know any spells.
Your spell library was empty.

Inventory:

Hand Weapons
 Y - a +0 shortbow (weapon)
Armour
 k - a +0 ring mail (worn)
Jewellery
 a - a ring of fire
 d - a ring of resist corrosion (left hand)
 h - a +4 ring of protection (right hand)
Potions
 e - a potion of might {unknown}
 f - a potion of enlightenment {unknown}
 j - a potion of haste {unknown}

Dungeon Overview and Level Annotations

Branches:
Dungeon (4/15)
 Temple: D:4-7

Altars:
Makhleb

Shops:
D:3 [

Annotations:
D:4 Dowan, Eustachio


Message History

2574 ||| Stepping ~*~*~tactically~*~*~ (retreating).
Duvessa attacks as she pursues you!
Duvessa hits you with a +2 short sword of draining.
Eustachio casts a spell.
Eustachio blinks!
You shoot an arrow. The arrow hits Duvessa.
Duvessa is almost dead.
Dowan hits you but does no damage. Duvessa completely misses you.
Dowan closely misses you.
You shoot an arrow.
The arrow hits Duvessa but does no damage.
Duvessa is almost dead.
Duvessa hits you but does no damage. Dowan barely misses you.
You shoot an arrow.
The arrow hits Duvessa but does no damage.
Duvessa is almost dead.
Duvessa hits you with a +2 short sword of draining.
Dowan hits you but does no damage.
You shoot an arrow. The arrow barely misses Duvessa.
Duvessa hits you with a +2 short sword of draining.
Dowan hits you but does no damage. Duvessa closely misses you.
2579 |||
Found retreat position at -1,1 (floor) with 0 blocking monsters and 2 monsters attacking at destination at distance 1
2579 ||| Stepping ~*~*~tactically~*~*~ (retreating).
Dowan attacks as he pursues you! Dowan closely misses you.
Duvessa gestures with her weapon.
Eustachio casts a spell.
You shoot an arrow. The arrow hits Duvessa!
You kill Duvessa!
Dowan's eyes darken. "You have made a grave mistake."
Dowan seems to find hidden reserves of power!
Dowan hits you with a +0 dagger. x2
Your Armour skill gained 3 levels and is now at level 3!
You have reached level 5!
You shoot an arrow.
The arrow hits Dowan but does no damage.
Dowan hits you but does no damage. Dowan gestures at you while chanting.
The shard of ice hits you!!
Ouch! That really hurt!
You die...

.........###.##
#.....<......#
#####.........
##......##
#555...## ##
##@#...##
#.###..#...#
######..#e......#
#.......@)......#
........##.........
.......####..####.#
....... #..# .
......# #..# ......
#..# ...... ..#
.....# .....


You could see Eustachio, Dowan (fast), a quasit (summoned), a white imp
(summoned) and an ufetubus (summoned).

Vanquished Creatures
  Duvessa (D:4)
  2 adders
  A worm (D:2)
  An orc (D:2)
  A ball python (D:2)
  6 endoplasms
  4 giant cockroaches
  6 goblins
  8 hobgoblins
  3 jackals
  5 kobolds
  A quokka (D:3)
  8 bats
  5 frilled lizards
  4 rats
56 creatures vanquished.

Notes
Turn   | Place    | Note
-------+----------+-------------------------------------------
     0 | D:1      | qw the Gargoyle Hunter began the quest for the Orb.
     0 | D:1      | Reached XP level 1. HP: 12/12 MP: 1/1
     0 | D:1      | 0 ||| qw: Version: 0.3-a-76-g4403597
     0 | D:1      | 0 ||| qw: Game counter: 488
     0 | D:1      | 0 ||| qw: Melee chars always use a shield: true
     0 | D:1      | 0 ||| qw: God list: Okawaru
     0 | D:1      | 0 ||| qw: Allow faded altars: false
     0 | D:1      | 0 ||| qw: Do Orc after clearing Dungeon:15 true
     0 | D:1      | 0 ||| qw: Do second Lair branch before Depths: true
     0 | D:1      | 0 ||| qw: Lair rune preference: random
     0 | D:1      | 0 ||| qw: Goals: Normal
     0 | D:1      | 0 ||| PLANNING D:1-11
   212 | D:1      | Reached XP level 2. HP: 17/17 MP: 2/2
   493 | D:1      | Reached XP level 3. HP: 21/21 MP: 3/3
   817 | D:1      | 817 ||| UPGRADING to ring of resist corrosion.
   818 | D:1      | 818 ||| READING 2 scrolls labelled SEAXZO ROEV.
   819 | D:1      | 819 ||| READING scroll labelled LADGHE NOMIYF.
   822 | D:1      | 822 ||| READING scroll labelled FIELAU GAUFEO.
   823 | D:1      | 823 ||| DROPPING scroll of amnesia.
   824 | D:1      | 824 ||| DROPPING scroll of butterflies.
   839 | D:2      | Reached skill level 5 in Ranged Weapons
  1029 | D:2      | Reached skill level 3 in Fighting
  1209 | D:2      | Reached XP level 4. HP: 28/28 MP: 4/4
  1480 | D:2      | 1480 ||| UPGRADING to +4 ring of protection.
  1481 | D:2      | 1481 ||| READING 3 scrolls labelled KIDWAZ UTOCO.
  1482 | D:2      | 1482 ||| DRINKING 2 fuming blue potions.
  1586 | D:2      | 1586 ||| DRINKING 2 silvery potions.
  1587 | D:2      | 1587 ||| DROPPING potion of berserk rage.
  1588 | D:2      | 1588 ||| DROPPING 2 scrolls of fear.
  2109 | D:3      | Found Fiumael's Antique Armour Shop.
  2115 | D:3      | 2115 ||| SHOPLISTING pair of embroidered boots (195 gold,
                  | have 127).
  2115 | D:3      | 2115 ||| BUYING ring mail (104 gold).
  2115 | D:3      | Bought a ring mail for 104 gold pieces
  2115 | D:3      | 2115 ||| SHOPLISTING shiny ring mail (182 gold, have 23).
  2276 | D:3      | Found a faded altar of an unknown god.
  2385 | D:3      | Found a burning altar of Makhleb.
  2387 | D:3      | Noticed a green death
  2390 | D:3      | 2390 ||| UPGRADING to +0 ring mail.
  2400 | D:3      | 2400 ||| DROPPING +0 leather armour.
  2401 | D:3      | 2401 ||| DROPPING +6 ring of intelligence.
  2402 | D:3      | 2402 ||| READING 2 scrolls labelled WOCUOM ZUYKY.
  2403 | D:3      | 2403 ||| DROPPING scroll of summoning.
  2478 | D:3      | 2478 ||| STAIRDANCE
  2549 | D:4      | Noticed Duvessa
  2549 | D:4      | Noticed Dowan
  2551 | D:4      | Noticed Eustachio
  2552 | D:4      | 2552 ||| RETREATING.
  2570 | D:4      | 2570 ||| Stepping ~*~*~tactically~*~*~ (retreating).
  2570 | D:4      | HP: 4/28 [Duvessa/+2 short sword of draining (4)]
  2570 | D:4      | HP: 1/28 [Dowan/puff of flame (3)]
  2571 | D:4      | 2571 ||| DRINKING potion of heal wounds.
  2574 | D:4      | 2574 ||| Stepping ~*~*~tactically~*~*~ (retreating).
  2578 | D:4      | HP: 6/28 [Duvessa/+2 short sword of draining (5)]
  2579 | D:4      | 2579 ||| Stepping ~*~*~tactically~*~*~ (retreating).
  2580 | D:4      | Killed Duvessa
  2581 | D:4      | Reached skill level 3 in Armour
  2581 | D:4      | Reached XP level 5. HP: 4/32 MP: 5/5
  2581 | D:4      | Killed from afar by Dowan

Levels and vault maps discovered:
D:1:      minmay_arrival_stair_chambers, layout_basic, minmay_split_cup_small
D:2:      layout_basic, st_stairs_14, serial_park_tiny_2
D:3:      layout_loops_corners, makhleb_altar_promises_db, serial_shops, shop,
          nicolae_ecumenical_oubliette
D:4:      layout_layer_cave, minmay_temple_entry_antechambers,
          ebering_ghost_reflecting_pool, minmay_box_of_dots, uniq_eustachio,
          uniq_duvessa

Skill      XL: |  1  2  3  4 |
---------------+-------------+-----
Ranged Weapons | 5 |  5.4
Fighting       | 3 |  3.0
Armour         | 3 |  3.4
Dodging        | |  1.5
Stealth        | |  1.1

Action                     |  1- 3 |  4- 6 || total
---------------------------+-------+-------++-------
   Fire: Shortbow          |    97 |    66 ||   163
    Use: Scroll            |     3 |     2 ||     5
         Potion            |       |     3 ||     3
 Armour: Leather armour    |    14 |     1 ||    15
         Ring mail         |       |    29 ||    29
  Dodge: Dodged            |    17 |    23 ||    40

Table legend:
 A = Non-vault XP
 B = Vault XP
 C = Vault XP percentage of total XP
 D = Non-vault monster count
 E = Vault monster count
 F = Vault count percentage of total count
                 A         B        C        D         E       F
            +---------+---------+-------+---------+---------+-------
      Total |     116 |     149 |  56.2 |      51 |       5 |   8.9
            +---------+---------+-------+---------+---------+-------
        D:1 |      33 |       5 |  13.2 |      19 |       3 |  13.6
        D:2 |      44 |       2 |   4.3 |      16 |       1 |   5.9
        D:3 |      37 |       0 |   0.0 |      15 |       0 |   0.0
        D:4 |       2 |     142 |  98.6 |       1 |       1 |  50.0
            +---------+---------+-------+---------+---------+-------
